Map: Eternal Empire LE

Players

badassss - Winner!

  • Race: Protoss Protoss
  • League: Silver
  • Spawn Location: 7:00

antagomiR

  • Race: Protoss Protoss
  • League: Gold
  • Spawn Location: 1:00

VOD

Have the link to the VOD?

Description

Time

  • Played on: April 1, 2020, 4:58 p.m.
  • Length: 8:20
Show
View Real Time Build Order
Export as new Build Order

badassss Protoss - Winner!

Build Orders:  

Get SALT Encoding   

  12  0:02  Probe  
  13  0:23  Probe  
  14  0:31  Pylon  
  14  0:38  Probe  
  15  0:50  Probe  
  15  0:54  Forge  
  16  1:05  Pylon  
  16  1:08  Probe  
  17  1:20  Probe  
  18  1:32  Probe  
  19  1:41  Photon Cannon  
  19  1:44  Probe  
  19  1:45  Photon Cannon  
  20  2:05  Pylon  
  20  2:23  Probe  
  20  2:29  Gateway  
  21  2:31  Pylon  
  21  2:33  Pylon  
  21  2:35  Probe  
  22  2:40  Pylon  
  22  2:47  Probe  
  22  2:49  Photon Cannon  
  23  2:53  Pylon  
  23  2:58  Pylon  
  23  2:59  Probe  
  24  3:13  Gateway  
  24  3:20  Cybernetics Core  
  24  3:27  Zealot  
  26  3:35  Photon Cannon  
  26  3:38  Photon Cannon  
  26  3:42  Photon Cannon  
  26  3:52  Pylon  
  26  3:54  Zealot  
  28  4:06  Assimilator  
  28  4:11  Assimilator  
  28  4:21  Zealot  
  28  4:23  Nexus  
  30  4:40  Probe  
  31  4:48  Zealot  
  34  4:52  Probe  
  34  4:53  Pylon  
  34  4:56  Stalker  
  36  5:01  Pylon  
  36  5:05  Probe  
  37  5:11  Pylon  
  37  5:15  Stalker  
  39  5:33  Stalker  
  41  5:36  Gateway  
  41  5:39  Probe  
  42  5:51  Probe  
  42  5:57  Photon Cannon  
  43  6:01  Photon Cannon  
  43  6:03  Probe  
  44  6:04  Stalker  
  44  6:05  Stalker  
  48  6:15  Probe, Gateway  
  49  6:18  Pylon  
  49  6:27  Probe  
  49  6:30  Stalker  
  52  6:39  Probe  
  53  6:52  Probe, Stalker  
  56  7:00  Stalker  
  58  7:03  Stalker  
  58  7:04  Probe  
  58  7:06  Stalker  
  63  7:16  Probe  
  64  7:25  Stalker  
  66  7:32  Photon Cannon  
  66  7:33  Stalker  
  68  7:37  Pylon  
Show
View Real Time Build Order
Export as new Build Order

antagomiR Protoss 

Build Orders:  

Get SALT Encoding   

  12  0:01  Probe  
  13  0:13  Probe  
  14  0:18  Pylon  
  14  0:25  Probe  
  15  0:36  Gateway  
  15  0:43  Probe  
  16  0:55  Probe  
  17  0:57  Assimilator  
  17  1:09  Probe  
  18  1:13  Assimilator  
  18  1:21  Probe  
  19  1:32  Zealot (Chrono Boost)  
  21  1:47  Probe  
  22  1:59  Probe  
  23  2:15  Probe  
  15  2:28  Probe  
  8  2:31  Zealot  
  8  2:46  Probe  
  8  2:56  Gateway  
  8  2:58  Probe, Zealot  
  11  3:10  Probe  
  12  3:22  Probe  
  12  3:25  Zealot  
  15  3:41  Cybernetics Core  
  15  3:53  Pylon  
  15  4:07  Probe (Chrono Boost)  
  16  4:14  Warp Gate (Chrono Boost)  
  17  4:17  Probe (Chrono Boost)  
  17  4:28  Probe (Chrono Boost)  
  18  4:36  Stalker (Chrono Boost)  
  18  5:05  Stalker  
  20  5:18  Stargate  
  20  5:31  Robotics Facility  
  20  5:46  Stalker  
  22  5:51  Probe (Chrono Boost)  
  23  6:01  Probe (Chrono Boost)  
  24  6:13  Void Ray  
  28  6:36  Probe (Chrono Boost)  
  29  6:46  Probe (Chrono Boost), Observer  
  31  7:00  Pylon  
  31  7:12  Pylon  
  31  7:18  Probe  
  32  7:30  Probe  
  33  7:42  Probe  
  33  7:44  Void Ray (Chrono Boost)  
  38  7:54  Probe  
  35  8:07  Probe  
  35  8:10  Stalker x2  
Tags
 
Matchup
PvP
Replay Pack
20200422
Spawn Locations
Cross Positions
Add a new tag
Caveats
  • Supply blocks, unpowered buildings, or Contaminate may cause inaccurate times.
  • Supply counts are checked every 10 seconds.